 Dungeon Crawl Stone Soup version 0.22-a0-283-g1871b15 (webtiles) character file.

10 mhoghedin the Gusty (level 2, 0/24 HPs)
             Began as a Tengu Air Elementalist on Mar 18, 2018.
             Slain by a leopard gecko (4 damage)
             ... on level 1 of the Dungeon.
             The game lasted 00:01:20 (874 turns).

mhoghedin the Gusty (Tengu Air Elementalist)         Turns: 874, Time: 00:01:20

Health: 0/24       AC:  2    Str: 13    XL:     2   Next: 20%
Magic:  6/6        EV: 12    Int: 15    God:
Gold:   33         SH:  0    Dex: 14    Spells: 4/5 levels left

rFire    . . .     SeeInvis .   b - +1 whip (flame)
rCold    . . .     Gourm    .   (no shield)
rNeg     . . .     Faith    .   a - +0 robe
rPois    .         Spirit   .   (helmet restricted)
rElec    .         Reflect  .   (no cloak)
rCorr    .         Harm     .   (no gloves)
MR       .....     Rnd*Tele +   (boots unavailable)
Stlth    ..........             (no amulet)
HPRegen  0.08/turn              e - ring of teleportation (curse) {+/*tele, !d}
MPRegen  0.10/turn              (no ring)

@: berserking, very quick
A: beak, talons 3
a: no special abilities


You were on level 1 of the Dungeon.
You were not hungry.

You visited 1 branch of the dungeon, and saw 2 of its levels.

You collected 33 gold pieces.

Inventory:

Hand Weapons
 b - a +1 whip of flaming (weapon)
   (You took it off a kobold on level 1 of the Dungeon)
Armour
 a - a +0 robe (worn)
Jewellery
 e - a cursed ring of teleportation (left hand) {+/*tele, !d}
   (You found it on level 1 of the Dungeon)
Scrolls
 f - 2 scrolls of identify
Comestibles
 c - a ration


   Skills:
 + Level 1.1 Fighting
 + Level 1.2 Maces & Flails
 - Level 2.1 Dodging
 - Level 2.0 Stealth
 - Level 2.0 Spellcasting
 - Level 1.4 Conjurations
 - Level 4.0 Air Magic


You had 4 spell levels left.
You knew the following spells:

 Your Spells              Type           Power        Failure   Level  Hunger
a - Shock                 Conj/Air       #...         7%          1    #......


Dungeon Overview and Level Annotations

Branches:
Dungeon (2/15)

Altars:


Innate Abilities, Weirdness & Mutations

You have a beak for a mouth.
You have claws for feet.


Message History

There is an open door here.
You open the door.
There is an open door here.
A kobold comes into view. It is wielding a club.
MP restored: 6 A kobold is nearby!
The kobold shouts!
The kobold barely misses you.
You barely miss the kobold. Your kick misses the kobold.
The kobold closely misses you.
You hit the kobold. You burn the kobold.
You kill the kobold!
No target in view!
No target in view!
No target in view!
No target in view!
No target in view!
No target in view!
No target in view!
No target in view!
No target in view!
No target in view!
No target in view!
No target in view!
No target in view!
No target in view!
No target in view!
No target in view!
Things that are here:
a club; a kobold corpse
Found an escape hatch in the floor.
Found a stone staircase leading down.
You open the door.
There is an open door here.
You now have 33 gold pieces (gained 15).
You open the door.
There is an open door here.
f - 2 scrolls labeled MOIGEI TECEOR (gained 1) All of the chunks of flesh in your inventory have rotted away.
You open the door.
There is an open door here.
There is an open door here.
There is an open door here.
You open the door.
There is an open door here.
f - 3 scrolls labeled MOIGEI TECEOR (gained 1) Done exploring.
Done exploring.
Done exploring.
As you read the scroll labeled MOIGEI TECEOR, it crumbles to dust.
It is a scroll of identify.
d - a potion of berserk rage Done exploring.
(D) Dungeon
Where to? (? - help)
There is a staircase leading out of the dungeon here.
There is a stone staircase leading down here.
You climb downwards.
There is a stone staircase leading up here.
A hobgoblin comes into view. It is wielding a club.
A hobgoblin is nearby!
You are suddenly yanked towards some nearby monsters!
Your surroundings suddenly seem different.
Found four items.
Found a stone staircase leading up and a stone staircase leading down.
A rat, a worm, a hobgoblin and 3 giant lizards come into view.
The frilled lizard hisses angrily.
The leopard gecko hisses angrily.
The frilled lizard closely misses you.
There is a stone staircase leading up here.
The frilled lizard hisses angrily.
The frilled lizard hisses.
The frilled lizard barely misses you.
You climb upwards.
There is a stone staircase leading down here.
You hit the frilled lizard. You burn the frilled lizard.
You kill the frilled lizard!
You climb downwards.
The leopard gecko barely misses you. The leopard gecko misses you.
The hobgoblin hits you with a club.
There is a stone staircase leading up here.
You take 2 damage, and have 14/16 hp.
The leopard gecko bites you. The hobgoblin barely misses you.
The frilled lizard bites you.
You climb upwards.
There is a stone staircase leading down here.
You take 5 damage, and have 9/16 hp.
MASSIVE DAMAGE!!
You barely miss the frilled lizard. The leopard gecko bites you.
The frilled lizard bites you. The hobgoblin hits you with a club.
* * * LOW HITPOINT WARNING * * *
The leopard gecko bites you.
* * * LOW HITPOINT WARNING * * *
You take 7 damage, and have 2/16 hp.
MASSIVE DAMAGE!!
You closely miss the frilled lizard. Your peck misses the frilled lizard.
The frilled lizard barely misses you. The leopard gecko misses you.
The hobgoblin barely misses you.
Really quaff
d - a potion of berserk rage {!q}?
A red film seems to cover your vision as you go berserk!
You feel yourself moving faster!
You feel mighty! The leopard gecko bites you.
You die...

#.# #.# ###.########
...........#
###..###.#.######
##...###....)...#
......####.####.#
#..........####g####
#.#.########...l@l.#
#.#.# #.#####.#
..#.# #.# #.# ###'##
#.# #.# ##...## #.#
#.# #.....##
#.#####.# .......##
#.......#
........####...##.##
........'.......#.#


You could see a leopard gecko, a hobgoblin and a frilled lizard.

Vanquished Creatures
  A leopard gecko (D:1)
  2 giant cockroaches (D:1)
  A goblin (D:1)
  A hobgoblin (D:1)
  2 frilled lizards (D:1)
  2 kobolds (D:1)
9 creatures vanquished.

Notes
Turn   | Place    | Note
-------+----------+-------------------------------------------
     0 | D:1      | mhoghedin the Tengu Air Elementalist began the quest for the Orb.
     0 | D:1      | Reached XP level 1. HP: 10/10 MP: 4/4
   193 | D:1      | Reached skill level 1 in Maces & Flails
   193 | D:1      | Reached XP level 2. HP: 12/16 MP: 4/6
   288 | D:1      | Reached skill level 1 in Fighting
   872 | D:1      | HP: 3/16 [hobgoblin/club (4)]
   874 | D:1      | Slain by a leopard gecko

Vault maps used:
D:1:      dpeg_arrival_pits

Skill      XL: |  1  2 |
---------------+-------+-----
Maces & Flails | 1 |  1.2
Fighting       | 1 |  1.1
Dodging        | |  2.1
Stealth        | |  2.0
Spellcasting   | |  2.0
Conjurations   | |  1.4
Air Magic      | |  4.0

Action                   || total
-------------------------++-------
Melee: Whip              ||    12
       Kick              ||     1
       Peck              ||     1
 Cast: Shock             ||     5
  Use: Scroll            ||     1
       Potion            ||     1
 Stab: Sleeping          ||     1
Armor: Robe              ||     4
Dodge: Dodged            ||    14

Table legend:
 A = Spawn XP
 B = Non-spawn XP
 C = Spawn XP percentage of total XP
 D = Spawn monster count
 E = Non-spawn monster count
 F = Spawn count percentage of total count
 G = Total turns spent on level
                    A         B        C        D         E        F      G
               +---------+---------+-------+---------+---------+-------+---------
         Total |       0 |      15 |   0.0 |       0 |       9 |   0.0 |   874
               +---------+---------+-------+---------+---------+-------+---------
           D:1 |       0 |      15 |   0.0 |       0 |       9 |   0.0 |   862
               +---------+---------+-------+---------+---------+-------+---------

Vault maps used:
D:1:      dpeg_arrival_pits

Table legend:
 A = Turns spent in this place as a percentage of turns spent in the entire game.
 B = Non-inter-level travel turns spent in this place as a percentage of non-inter-level travel turns spent in the entire game.
 C = Inter-level travel turns spent in this place as a percentage of turns spent in this place.
 D = Turns resting spent in this place as a percentage of non-inter-level travel turns spent in this place.
 E = Turns spent auto-exploring this place as a percentage of non-inter-level travel turns spent in this place.
 F = Non-inter-level travel turns spent in this place divided by the number of levels of this place that you've seen.
                   A       B       C       D       E      F
               +-------+-------+-------+-------+-------+----------------------
         Total | 100.0 | 100.0 |   3.2 |   8.0 |  81.2 | 423.0
       Dungeon | 100.0 | 100.0 |   3.2 |   8.0 |  81.2 | 423.0
               +-------+-------+-------+-------+-------+----------------------

Table legend:
 A = Kills in this place as a percentage of kills in entire the game.
 B = Kills by you in this place as a percentage of kills by you in the entire game.
 C = Kills by friends in this place as a percentage of kills by friends in the entire game.
 D = Other kills in this place as a percentage of other kills in the entire game.
 E = Experience gained in this place as a percentage of experience gained in the entire game.
 F = Experience gained in this place divided by the number of levels of this place that you have seen.
                   A       B       C       D       E      F
               +-------+-------+-------+-------+-------+----------------------
         Total | 100.0 | 100.0 |   N/A |   N/A | 100.0 |   7.5
       Dungeon | 100.0 | 100.0 |   N/A |   N/A | 100.0 |   7.5
               +-------+-------+-------+-------+-------+----------------------
